 Dungeon Crawl Stone Soup version 0.29.1-1-gd02db6906a (webtiles) character file.

Game seed: 4902913810693822437

611 Ashen the Chiller (level 7, 52/52 HPs)
             Began as a Demonspawn Ice Elementalist on Sept 15, 2022.
             Got out of the dungeon alive.
             The game lasted 00:09:26 (6257 turns).

Ashen the Chiller (Demonspawn Ice Elementalist)     Turns: 6257, Time: 00:09:27

Health: 52/52      AC:  7    Str:  9    XL:     7   Next: 20%
Magic:  12/12      EV: 13    Int: 18    God:
Gold:   122        SH:  0    Dex: 13    Spells: 6/13 levels left

rFire   . . .      SeeInvis .   (no weapon)
rCold   . . .      Faith    .   (no shield)
rNeg    . . .      Spirit   .   a - +0 robe
rPois   .          Reflect  .   (no helmet)
rElec   .          Harm     .   (no cloak)
rCorr   .          Rampage  .   d - +2 pair of gloves
Will    .....                   (no boots)
Stlth   ++........              (no amulet)
HPRegen 0.17/turn               (no ring)
MPRegen 0.13/turn               (no ring)

@: no status effects
A: molten scales 1, demonic guardian 2, spiny 1
a: no special abilities


You escaped.
You visited 1 branch of the dungeon, and saw 4 of its levels.
You also visited: Sewer.

You collected 122 gold pieces.

Inventory:

Armour
 a - a +0 robe (worn)
 d - a +2 pair of gloves (worn)
Wands
 r - a wand of iceblast (12)
Scrolls
 c - a scroll of fear {unknown}
 e - 2 scrolls of teleportation {unknown}
 f - a scroll of butterflies
 h - 2 scrolls of identify
 k - a scroll of vulnerability
 n - a scroll of blinking {unknown}
 q - a scroll of immolation {unknown}
Potions
 b - 2 potions of magic
 g - a potion of attraction {unknown}
 i - a potion of cancellation {unknown}
 l - 2 potions of curing
 m - a potion of brilliance {unknown}
 o - 2 potions of haste {unknown}
 p - a potion of resistance {unknown}


   Skills:
 + Level 3.1 Fighting
 + Level 3.5 Dodging
 + Level 3.8 Stealth
 + Level 3.6 Spellcasting
 + Level 4.8 Ice Magic


You had 6 spell levels left.
You knew the following spells:

 Your Spells              Type           Power      Damage    Failure   Level
a - Freeze                Ice            80%        1d9       2%          1
b - Frozen Ramparts       Ice            40%        1d7       6%          3
c - Ozocubu's Armour      Ice            20%        N/A       6%          3

Your spell library contained the following spells:

 Spells                   Type           Power      Damage    Failure   Level
 Hailstorm                Conj/Ice       11%        3d5       50%         4
 Corpse Rot               Necr/Pois/Air  3%         N/A       83%         4
 Dispel Undead            Necr           3%         3d7       83%         4
 Death Channel            Necr           1%         N/A       100%        6


Dungeon Overview and Level Annotations

Branches:
Dungeon (4/15)              Sewer (visited)
 Temple: D:4-7

Altars:

Shops:
D:1 =*

Annotations:
D:4 1 transporter, MisterFreud's ghost, amateur GnDe; Pikel


Innate Abilities, Weirdness & Mutations

You are partially covered in molten scales. (AC +2)
A demonic guardian rushes to your aid.
You are partially covered in sharp spines.


Message History

Menkaure is severely damaged.
Menkaure hits you!
* * * LOW HITPOINT WARNING * * *
A demonic guardian appears!
You smack Menkaure!
You destroy Menkaure!
Your Fighting skill increases to level 3!
You have reached level 7!
Your demonic ancestry asserts itself...
Sharp spines emerge from parts of your body.
Your rust devil disappears in a puff of smoke!
Your transformation is almost over.
You feel less wooden.
Your +2 pair of gloves unmelds from your body.
Your +0 robe unmelds from your body.
Magic restored.
HP restored.
Done exploring.
(D) Dungeon
Where to? (Enter - D:3 @ (x,y), ? - help)
What level of the Dungeon? (default 1, ? - help)
There is an escape hatch in the ceiling here.
A mysterious force pulls you upwards. The hatch slams shut behind you.
There is a stone staircase leading up here.
You climb upwards.
There is a stone staircase leading down here.
You climb downwards.
There is a stone staircase leading up here.
You see here a +0 war axe.
There is a stone staircase leading up here.
You climb upwards.
There is a stone staircase leading down here.
You open the door.
There is an open door here.
There is a staircase leading out of the dungeon here.
Are you sure you want to leave the Dungeon?
This will make you lose the game!
Alright, then stay!
Unknown command.
Are you sure you want to leave the Dungeon?
This will make you lose the game!
You have escaped!

#......# ###.####.....#.##
####.### #..........##.# #.#
#########...∩.#.## #.#
#####8#####...#.##
######.######8.8_8.8###.##.#
..........###.......##...#.#
##..##.##.###8..>..8##.....#
##..##....#############..#.######
##..#####..##...@...###..#......#
...........##.......##...#.####..
.8....#######8.♣.♣.8####.#.# ###
..........####.#.#.###.....####
.#.....#....##'#+#'##..##.....#
.##...##.#.............#......###
............###....######........
.###.###.######...#######.......#
........................#.##..#.#


There were no monsters in sight!

Vanquished Creatures
  Menkaure (D:3)
  An ogre (D:4)
  4 lemures
  A kobold brigand (Sewer)
  A scorpion (D:3)
  4 gnolls (D:3)
  9 adders
  8 river rats
  5 worms
  A dart slug (D:3)
  3 orcs
  6 endoplasms
  4 giant cockroaches
  6 goblins
  6 hobgoblins
  16 kobolds
  4 ball pythons
  2 bats
  A frilled lizard (D:3)
  12 rats
95 creatures vanquished.

Vanquished Creatures (collateral kills)
  A goblin (D:2)
  A rat (D:2)
2 creatures vanquished.

Grand Total: 97 creatures vanquished

Notes
Turn   | Place    | Note
-------+----------+-------------------------------------------
     0 | D:1      | Ashen the Demonspawn Ice Elementalist began the quest for
                  | the Orb.
     0 | D:1      | Reached XP level 1. HP: 13/13 MP: 3/3
    85 | D:1      | Found Sawnu's Jewellery Shop.
   727 | D:1      | Found Qaubeon's General Store.
   953 | D:1      | Gained mutation: A weak demonic guardian rushes to your
                  | aid. [demonic ancestry]
   953 | D:1      | Reached XP level 2. HP: 8/20 MP: 0/5
  2103 | D:2      | Reached XP level 3. HP: 9/25 MP: 1/6
  2365 | D:2      | Reached skill level 1 in Fighting
  3074 | D:3      | Reached skill level 4 in Ice Magic
  3074 | D:3      | Gained mutation: A demonic guardian rushes to your aid.
                  | [demonic ancestry]
  3074 | D:3      | Reached XP level 4. HP: 32/32 MP: 0/7
  3907 | D:4      | Noticed Pikel
  3907 | D:4      | Noticed a lemure
  3907 | D:4      | Noticed a lemure
  3907 | D:4      | Noticed a lemure
  3907 | D:4      | Noticed a lemure
  3923 | D:4      | Noticed Menkaure
  3937 | D:4      | Found a transporter.
  3989 | D:4      | Learned a level 3 spell: Frozen Ramparts
  3993 | D:4      | Learned a level 3 spell: Ozocubu's Armour
  4001 | D:4      | Reached XP level 5. HP: 34/38 MP: 5/9
  4232 | D:4      | Found a glowing drain.
  4236 | Sewer    | Entered a sewer
  4895 | Sewer    | Gained mutation: You are partially covered in molten
                  | scales. (AC +2) [demonic ancestry]
  4895 | Sewer    | Reached XP level 6. HP: 46/46 MP: 2/10
  5342 | D:4      | Noticed MisterFreud's ghost (amateur GnDe)
  5344 | D:4      | Identified the +5 great mace of Siuskourr {drain, Will+
                  | Int+4}
  5883 | D:3      | Killed Menkaure
  5884 | D:3      | Gained mutation: You are partially covered in sharp spines.
                  | [demonic ancestry]
  5884 | D:3      | Reached XP level 7. HP: 6/52 MP: 2/12
  6257 | D:$      | Got out of the dungeon alive.

Illustrated notes

Levels and vault maps discovered:
D:1:      spicycebolla_arrival_ecumenical, layout_loops_cross, serial_shops,
          shop, nicolae_shop_statue_plus
D:2:      layout_rooms
D:3:      layout_rooms, dreamdust_princess_corridor, columned_hall_lemuel,
          chequers_serial_rivers_room_b, solitary_fountain
D:4:      layout_gridville, lightli_sewer_entry_pipes, gammafunk_ghost_smash,
          uniq_menkaure, uniq_pikel

Skill      XL: |  1  2  3  4  5  6 |
---------------+-------------------+-----
Stealth        | 2 3 |  3.8
Dodging        | 2 3 |  3.5
Fighting       | 1 2 3 |  3.1
Ice Magic      | 4 |  4.8
Spellcasting   | 3 |  3.6

Action                   |  1- 3 |  4- 6 |  7- 9 || total
-------------------------+-------+-------+-------++-------
Melee: Unarmed           |    72 |    74 |       ||   146
       Punch             |       |     2 |       ||     2
 Cast: Freeze            |    64 |   117 |       ||   181
       Frozen Ramparts   |       |     6 |       ||     6
       Ozocubu's Armour  |       |     4 |       ||     4
  Use: Scroll            |     2 |     5 |       ||     7
       Potion            |     1 |     1 |       ||     2
 Stab: Sleeping          |     2 |     1 |       ||     3
Armor: Robe              |    34 |    43 |       ||    77
       Skin              |       |     7 |       ||     7
Dodge: Dodged            |    83 |   107 |       ||   190
